 Dungeon Crawl Stone Soup version 0.28-b1-1-g3c77fb2ed1 (webtiles) character file.

Game seed: 5564837827207732045

1676 zeram the Covert (level 9, 0/51 HPs)
             Began as an Octopode Enchanter on Jan 30, 2022.
             Was an Initiate of Dithmenos.
             Slain by an orc priest (7 damage)
             ... on level 6 of the Dungeon.
             The game lasted 00:08:35 (5834 turns).

zeram the Covert (Octopode Enchanter)               Turns: 5834, Time: 00:08:35

Health: 0/51       AC:  1    Str:  8    XL:     9   Next: 1%
Magic:  0/13       EV: 14    Int: 21    God:    Dithmenos [......]
Gold:   134        SH:  0    Dex: 12    Spells: 6/14 levels left

rFire   . . .      SeeInvis .   e - +2 dagger (elec)
rCold   . . .      Faith    .   (no shield)
rNeg    . . .      Spirit   +   (helmet restricted)
rPois   .          Reflect  .   c - amulet of guardian spirit
rElec   .          Harm     .   (no ring)
rCorr   .          Rampage  .   (no ring)
Will    .....                   (no ring)
Stlth   ++++++....              (no ring)
HPRegen 0.17/turn               (no ring)
MPRegen 0.13/turn               (no ring)
                                (no ring)
                                (no ring)

@: no status effects
A: almost no armour, amphibious, 8 rings, camouflage 1, gelatinous body 1,
(nimble swimmer 1), tentacles
a: Renounce Religion


You were on level 6 of the Dungeon.
You worshipped Dithmenos.
Dithmenos was noncommittal.
You visited 2 branches of the dungeon, and saw 7 of its levels.

You collected 134 gold pieces.

Inventory:

Hand Weapons
 a - a +1 dagger
 e - a +2 dagger of electrocution (weapon)
Missiles
 o - 8 poisoned darts (quivered)
Jewellery
 c - an amulet of guardian spirit (around mantle)
 f - an amulet of the acrobat
Wands
 j - a wand of polymorph (11)
Scrolls
 b - 2 scrolls of identify
 d - a scroll of vulnerability
 k - 3 scrolls of immolation
 n - 2 scrolls of noise
Potions
 g - 2 potions of flight
 h - 3 potions of cancellation
 l - 2 potions of attraction
 m - a potion of lignification


   Skills:
 + Level 5.5 Short Blades
 + Level 3.9 Dodging
 + Level 11.9 Stealth
 + Level 3.1 Spellcasting
 + Level 4.1 Hexes
 - Level 1.0 Ice Magic


You had 6 spell levels left.
You knew the following spells:

 Your Spells              Type           Power      Damage    Failure   Level
a - Ensorcelled Hibernat  Hex/Ice        28%        N/A       7%          2
b - Tukima's Dance        Hex            20%        N/A       8%          3
c - Dazzling Flash        Conj/Hex       22%        N/A       17%         3

Your spell library contained the following spells:

 Spells                   Type           Power      Damage    Failure   Level
 Confusing Touch          Hex            20%        N/A       8%          3
 Apportation              Tloc           6%         N/A       13%         1
 Gell's Gravitas          Tloc           3%         N/A       36%         3
 Lesser Beckoning         Tloc           3%         N/A       36%         3
 Teleport Other           Tloc           3%         N/A       36%         3
 Alistair's Intoxication  Tmut/Pois      2%         N/A       98%         5


Dungeon Overview and Level Annotations

Branches:
Dungeon (6/15)             Temple (1/1) D:5

Altars:
Cheibriados
Dithmenos
Elyvilon
Fedhas
Gozag
Makhleb
Nemelex Xobeh
Ru
Uskayaw
Vehumet
Wu Jian
Xom
Yredelemnul
Zin
The Shining One

Annotations:
D:4 1 runed translucent door


Innate Abilities, Weirdness & Mutations

You cannot wear most types of armour.
You are amphibious.
You can wear up to eight rings at the same time.
Your skin changes colour to match your surroundings (Stealth+).
Your rubbery body absorbs attacks. (AC +1, EV +1)
((You are camouflaged when in or above water. (Stealth+)))
You have tentacles for arms and can constrict up to eight enemies at once.


Message History

You hit the orc wizard. You grab the orc wizard.
The orc wizard is lightly wounded.
You constrict the orc wizard.
The orc wizard hits you but does no damage.
You hit the orc wizard. You squeeze the orc wizard!
The orc wizard is almost dead.
You constrict the orc wizard.
You kill the orc wizard!
Dithmenos accepts your kill.
The centaur wields a +0 shortbow.
The centaur shoots an arrow.
The arrow misses you.
Casting: Dazzling Flash (dangerous; 17% risk of failure)
Confirm with . or Enter, or press ? or * to list all spells.
Aiming: Tukima's Dance (dangerous; 8% risk of failure)
Press: ? - help, Shift-Dir - straight line, f - orc warrior
Aim: an orc warrior, wielding a +0 long sword and wearing a +0 plate armour (chance to affect: 52%)
The orc warrior resists with significant effort.
The centaur shoots an arrow.
The arrow hits you.
Casting: Tukima's Dance (dangerous; 8% risk of failure)
Confirm with . or Enter, or press ? or * to list all spells.
Aiming: Tukima's Dance (dangerous; 8% risk of failure)
Press: ? - help, Shift-Dir - straight line, f/p - orc warrior
Aim: an orc warrior, wielding a +0 long sword and wearing a +0 plate armour (chance to affect: 52%)
The +0 long sword dances into the air!
The centaur shoots an arrow.
The arrow hits your +0 long sword.
Your +0 long sword falls from the air.
The orc priest hits you with a +0 mace. The orc warrior hits you!
The orc priest mumbles some strange prayers to Beogh against you.
Beogh smites you!
The centaur shoots an arrow.
The arrow closely misses you. The orc warrior hits you!
* * * LOW HITPOINT WARNING * * *
The centaur shoots an arrow.
The arrow hits you!
* * * LOW HITPOINT WARNING * * *
The centaur shoots an arrow.
The arrow barely misses you.
Okay, then.
Okay, then.
There is a stone staircase leading up here.
The orc priest hits you with a +0 mace!
You die...

......)......# .............#
............## ...>........#
### ... ............#
##.####### #).# ...........##
#........###...# .......^...#
#.............#. ...<.......#
##..oo...........
..........##
#..@oo.c...)..... ..........#
#.........)...... ###...#####
#................ ##..##
#................ #...#
###.............. ##..##
###............ ####...##
##..#.........
#.......########..######.....
?..............#..## #####


You could see an orc warrior, a centaur, 2 orc priests and an orc.

Vanquished Creatures
  A two-headed ogre (D:5)
  An orc warrior (D:5)
  A black bear (D:5)
  3 necrophages (D:4)
  An ogre (D:5)
  A water moccasin zombie (D:6)
  2 water moccasin skeletons (D:5)
  A howler monkey (D:5)
  A hound (D:6)
  2 orc priests (D:4)
  A centaur skeleton (D:6)
  A bullfrog skeleton (D:6)
  2 iguanas
  Natasha (D:3)
  3 orc wizards
  4 adders
  A worm (D:4)
  2 dart slugs
  7 orcs
  7 ball pythons
  5 endoplasms
  10 goblins
  5 hobgoblins
  4 jackals (D:1)
  2 quokkas
  5 bats
  4 frilled lizards
  A jackal skeleton (D:4)
  4 kobolds
  3 rats
86 creatures vanquished.

Vanquished Creatures (others)
  A dancing weapon (D:6)
1 creature vanquished.

Grand Total: 87 creatures vanquished

Notes
Turn   | Place    | Note
-------+----------+-------------------------------------------
     0 | D:1      | zeram the Octopode Enchanter began the quest for the Orb.
     0 | D:1      | Reached XP level 1. HP: 11/11 MP: 3/3
   273 | D:1      | Reached XP level 2. HP: 9/17 MP: 1/5
   597 | D:1      | Reached XP level 3. HP: 21/21 MP: 6/6
   798 | D:1      | Learned a level 2 spell: Ensorcelled Hibernation
   802 | D:1      | Learned a level 3 spell: Tukima's Dance
   924 | D:1      | Found a faded altar of an unknown god.
   932 | D:1      | You fall into a shaft and drop 1 floor!
  1498 | D:2      | Reached skill level 5 in Stealth
  1708 | D:3      | Noticed Natasha
  1713 | D:3      | Killed Natasha
  1714 | D:3      | Reached XP level 4. HP: 27/27 MP: 7/7
  2727 | D:4      | Noticed a necrophage
  2734 | D:4      | Killed a necrophage
  2735 | D:4      | Reached skill level 6 in Stealth
  2735 | D:4      | Reached XP level 5. HP: 19/31 MP: 4/8
  2905 | D:4      | Reached skill level 7 in Stealth
  2988 | D:4      | Noticed a necrophage
  2997 | D:4      | Killed a necrophage
  2998 | D:4      | Reached XP level 6. HP: 30/36 MP: 7/9
  3002 | D:4      | Learned a level 3 spell: Dazzling Flash
  3077 | D:4      | Reached skill level 8 in Stealth
  3109 | D:4      | Noticed a necrophage
  3122 | D:4      | Killed a necrophage
  3293 | D:4      | Reached XP level 7. HP: 19/41 MP: 4/10
  3486 | D:4      | Reached skill level 9 in Stealth
  3597 | D:4      | Found a runed translucent door.
  3597 | D:4      | Noticed a human
  3601 | D:4      | Found a basalt altar of Yredelemnul.
  3953 | D:5      | Entered Level 5 of the Dungeon
  4293 | D:5      | Found a staircase to the Ecumenical Temple.
  4308 | Temple   | Entered the Ecumenical Temple
  4562 | Temple   | Became a worshipper of Dithmenos the Shadowed
  4618 | D:5      | Noticed a two-headed ogre
  4621 | D:5      | Killed a two-headed ogre
  4622 | D:5      | Reached skill level 10 in Stealth
  4622 | D:5      | Reached XP level 8. HP: 46/46 MP: 10/12
  4633 | D:5      | Reached skill level 11 in Stealth
  5071 | D:5      | Reached skill level 1 in Ice Magic
  5089 | D:5      | Reached skill level 5 in Short Blades
  5762 | D:6      | Reached XP level 9. HP: 51/51 MP: 13/13
  5834 | D:6      | Slain by an orc priest

Illustrated notes

Levels and vault maps discovered:
D:1:      tarquinn_simple_flora_water_a, layout_basic,
          ebering_ecumenical_altar_hall
D:2:      layout_rooms
D:3:      layout_basic, corexii_leaking_fountain, uniq_natasha
D:4:      layout_gridville, dk_yredelemnul_ordeal
D:5:      layout_loops_corners, minmay_temple_entry_glass
D:6:      layout_cave_pods, cheibrodos_sewer_entry_bend
Temple:   dpeg_chambers_temple

Skill      XL: |  1  2  3  4  5  6  7  8 |
---------------+-------------------------+-----
Stealth        | 5 6 7 8 10 11 | 11.9
Short Blades   | 2 3 4 5 |  5.5
Dodging        | 3 |  3.9
Ice Magic      | 1 |  1.0
Hexes          | 4 |  4.1
Spellcasting   | 3 |  3.1

Action                   |  1- 3 |  4- 6 |  7- 9 || total
-------------------------+-------+-------+-------++-------
Melee: Dagger            |    58 |    55 |    77 ||   190
       Constrict         |    12 |     8 |    14 ||    34
       Tentacles         |     5 |     8 |    11 ||    24
       Punch             |       |       |     4 ||     4
 Cast: Ensorcelled Hiber |       |       |     4 ||     4
       Tukima's Dance    |       |       |     3 ||     3
       Dazzling Flash    |       |       |     2 ||     2
  Use: Scroll            |     3 |     3 |     2 ||     8
       Potion            |       |     1 |     1 ||     2
 Stab: Sleeping          |    14 |     8 |     8 ||    30
       Distracted        |     2 |       |       ||     2
       Invisible         |       |     1 |     1 ||     2
Armor: Skin              |     3 |     3 |     6 ||    12
Dodge: Dodged            |    26 |    26 |    34 ||    86
